 Dungeon Crawl Stone Soup version 0.18-a0-1639-g7533f42 (webtiles) character file.

91 M4edhros the Vandal (level 4, -1/29 HPs)
             Began as an Octopode Hunter on Mar 27, 2016.
             Slain by a gnoll
             ... wielding a +0 halberd
              (7 damage)
             ... on level 3 of the Dungeon.
             The game lasted 00:02:34 (2127 turns).

M4edhros the Vandal (Octopode Hunter)               Turns: 2127, Time: 00:02:35

Health: -1/29      AC:  1    Str: 11    XL:     4   Next: 59%
Magic:  4/4        EV:  9    Int: 16    God:
Gold:   164        SH:  6    Dex: 13    Spells: 0 memorised, 3 levels left

rFire  . . .     SeeInvis .     b - +1 dagger (venom)
rCold  . . .     Gourm    .     q - +0 shield
rNeg   . . .     Faith    .     (helmet restricted)
rPois  .         Spirit   .     (no amulet)
rElec  .         Dismiss  .     j - +3 ring of intelligence
rCorr  .         Reflect  .     (no ring)
SustAt .         Harm     .     (no ring)
MR     .....                    (no ring)
Stlth  +++.......               (no ring)
                                (no ring)
                                (no ring)
                                (no ring)

@: not resistant to hostile enchantments, fairly stealthy
A: almost no armour, amphibious, 8 rings, constrict 8, camouflage 1, gelatinous
body 1
a: no special abilities


You were on level 3 of the Dungeon.
You were near starving.

You visited 1 branch of the dungeon, and saw 3 of its levels.

You collected 164 gold pieces.

Inventory:

Hand Weapons
 a - a +1 hunting sling
 b - a +1 dagger of venom (weapon)
 i - a +0 short sword of flaming
 u - a +2 dagger of holy wrath
Missiles
 c - 101 sling bullets
 k - 65 stones (quivered)
Armour
 q - a +0 shield (worn)
Jewellery
 j - a +3 ring of intelligence (left tentacle)
 s - an uncursed amulet of the gourmand {unknown}
Scrolls
 g - 2 scrolls of remove curse
 m - a scroll of recharging
 o - a scroll of blinking
 p - a scroll of immolation {unknown}
 w - a scroll of magic mapping {unknown}
 x - a scroll of random uselessness {unknown}
Potions
 e - 4 potions of curing
 h - 2 potions of flight
 n - a potion of invisibility {unknown}
 r - a potion of degeneration {unknown}
 t - a potion of lignification {unknown}
 v - a potion of cure mutation {unknown}
Comestibles
 d - 3 bread rations
 f - a beef jerky
 l - a slice of pizza


   Skills:
 - Level 2.0 Fighting
 + Level 5.9 Slings
 - Level 2.0 Dodging
 - Level 1.3 Stealth


You had 3 spell levels left.
You didn't know any spells.

Dungeon Overview and Level Annotations

Branches:
Dungeon (3/15)

Altars:

Annotations:
D:1 1 runed door


Innate Abilities, Weirdness & Mutations

You cannot wear most types of armour.
You are amphibious.
You can wear up to eight rings at the same time.
You can use your tentacles to constrict eight enemies at once.
Your skin changes colour to match your surroundings (Stealth).
Your rubbery body absorbs attacks (AC +1).


Message History

No target in view! 3 gnolls come into view.
The gnoll shouts! x2
There is an open door here.
There are monsters nearby!
You barely miss the gnoll.
The gnoll shouts!
Your grab misses the gnoll.
The gnoll hits you from afar with a halberd.
Your shield prevents you from hitting the gnoll.
Your grab misses the gnoll. Your squeeze misses the gnoll.
You block the giant cockroach's attack. The gnoll closely misses you.
The giant cockroach bites you. The gnoll closely misses you.
There are monsters nearby!
You hit the gnoll. You grab the gnoll.
The gnoll is moderately wounded.
You constrict the gnoll. The giant cockroach bites you. The gnoll hits you!
* * * LOW HITPOINT WARNING * * *
The gnoll hits you from afar with a halberd!
You die...

########## #........#
#........# # #........#
# #....sg..+ #####
#...gg@..#
....#############'####
....'................#
....##.###.######.##..#
....##.#..........# .#
....##.############ ..
....##.# .. .......+ .
....##.#


You could see 3 gnolls and a giant cockroach.

Vanquished Creatures
  3 gnolls (D:3)
  An ooze (D:3)
  3 dart slugs
  A giant gecko (D:2)
  An orc (D:3)
  3 giant cockroaches
  7 goblins
  8 hobgoblins
  2 jackals (D:2)
  2 quokkas (D:2)
  5 bats
  2 giant newts
  5 kobolds
  3 rats
46 creatures vanquished.

Notes
Turn   | Place    | Note
--------------------------------------------------------------
     0 | D:1      | M4edhros the Octopode Hunter began the quest for the Orb.
     0 | D:1      | Reached XP level 1. HP: 14/14 MP: 1/1
     1 | D:1      | Found a runed door.
   425 | D:1      | Reached XP level 2. HP: 19/19 MP: 2/2
  1129 | D:2      | Reached XP level 3. HP: 10/24 MP: 3/3
  1393 | D:2      | Reached skill level 5 in Slings
  1996 | D:3      | Reached XP level 4. HP: 29/29 MP: 4/4
  2127 | D:3      | Slain by a gnoll

Vault maps used:
D:1:      dpeg_arrival_caged_fury
D:2:      minmay_door_path
D:3:      first_bread, evilmike_ruin_ashenzari

Skill      XL: |  1  2  3 |
---------------+----------+-----
Slings         | 5 |  5.9
Fighting       | |  2.0
Dodging        | |  2.0
Stealth        | |  1.3

Action                   |  1- 3 |  4- 6 || total
-------------------------+-------+-------++-------
Melee: Short sword       |     9 |       ||     9
       Dagger            |    63 |    21 ||    84
  Use: Scroll            |     8 |       ||     8
 Stab: Sleeping          |    10 |     1 ||    11
  Eat: Chunk             |     2 |       ||     2
